 Dungeon Crawl Stone Soup version 0.24-a0-618-ge4662a2 (webtiles) character file.

Game seed: 13694120914173359666, levelgen mode: deterministic

430 Kurtz the Chopper (level 6, 43/47 HPs)
             Began as a Mummy Chaos Knight on Sept 15, 2019.
             Was a Plaything of Xom.
             Quit the game on level 5 of the Dungeon.
             The game lasted 00:02:20 (2350 turns).

Kurtz the Chopper (Mummy Chaos Knight)              Turns: 2350, Time: 00:02:21

Health: 43/47      AC: 12    Str: 17    XL:     6   Next: 66%
Magic:  6/6        EV:  5    Int: 12    God:    Xom [.....*]
Gold:   35         SH:  0    Dex: 11    Spells: 5/5 levels left

rFire    x . .     SeeInvis .   a - +0 hand axe (chaos)
rCold    + . .     Gourm    .   (no shield)
rNeg     + + +     Faith    .   n - +0 plate armour
rPois    ∞         Spirit   .   m - +0 helmet
rElec    .         Reflect  .   h - +0 cloak
rCorr    .         Harm     .   (no gloves)
MR       .....                  (no boots)
Stlth    ..........             (no amulet)
HPRegen  0.15/turn              (no ring)
MPRegen  0.10/turn              (no ring)

@: no status effects
A: no food or potions, fire vulnerability, cold resistance 1, negative energy
resistance 3, torment resistance, unbreathing
a: Renounce Religion


You were on level 5 of the Dungeon.
You worshipped Xom.
You were Xom's teddy bear.
You were not hungry.

You visited 1 branch of the dungeon, and saw 6 of its levels.

You collected 35 gold pieces.

Inventory:

Hand Weapons
 a - a +0 hand axe of chaos (weapon)
Armour
 b - a +2 leather armour
 h - a +0 cloak (worn)
 k - a +0 chain mail
 m - a +0 helmet (worn)
 n - a +0 plate armour (worn)
Jewellery
 j - an uncursed ring of ice
Wands
 o - a wand of digging (6)
Scrolls
 c - a scroll of random uselessness {unknown}
 d - 7 scrolls of identify {unknown}
 e - 2 scrolls of remove curse {unknown}
 f - a scroll of immolation {unknown}
 g - a scroll of teleportation {unknown}
 i - a scroll of enchant weapon {unknown}
 l - a scroll of amnesia {unknown}


   Skills:
 - Level 3.0 Fighting
 * Level 6.3 Axes
 - Level 1.5 Armour
 - Level 0.7 Dodging


You had 5 spell levels left.
You didn't know any spells.
Your spell library contained the following spells:

 Spells                   Type           Power        Failure   Level  Hunger
 Flame Tongue             Conj/Fire      #....        100%        1    N/A
 Throw Flame              Conj/Fire      #.....       100%        2    N/A
 Conjure Flame            Conj/Fire      #.......     100%        3    N/A
 Inner Flame              Hex/Fire       #.......     100%        3    N/A
 Sticky Flame             Conj/Fire      #.......     100%        4    N/A
 Fireball                 Conj/Fire      #.........   100%        5    N/A

Dungeon Overview and Level Annotations

Branches:
Dungeon (6/15)             Temple (0/1) D:5

Altars:
Xom

Annotations:
D:5 Blork the orc, Edmund, Pikel


Innate Abilities, Weirdness & Mutations

You do not eat or drink.
Your flesh is vulnerable to fire.
You are immune to poison.
Your flesh is cold resistant. (rC+)
You are immune to negative energy. (rN+++)
You are immune to unholy pain and torment.
You can survive without breathing.


Message History

There is a stone staircase leading up here.
You climb upwards.
Level annotation: Edmund, Pikel
There is a stone staircase leading down here.
Really walk into that teleport trap?
You enter a teleport trap!
The teleport trap disappears.
Your surroundings suddenly seem different.
(D) Dungeon (T) Temple
Where to? (Enter - D:5, ? - help)
Okay, then.
Blork the orc comes into view.
He is wielding a +0 halberd of freezing.
Blork the orc shouts!
You hear a shout!
An ogre comes into view. It is wielding a +0 giant spiked club.
Blork the orc points at you and mumbles some strange words.
The puff of flame hits you. The fire burns you terribly!
Firing (i - inventory) No suitable missiles.
Press: ? - help, Shift-Dir - straight line, f - Blork the orc
Aim: Blork the orc, wielding a +0 halberd of freezing and wearing a +0 robe
Okay, then.
Are you sure you want to abandon this character and quit the game? (Confirm with "yes".)

.... #.## ....
###..#
#.......#....#
........##...#
.............##
....#..#......#
.......##....##
.......###...###
.O......@.#....#
.o......#.#...##
........#######
.......##
.#..### #.. .. #


You could see Blork the orc and an ogre.

Vanquished Creatures
  3 howler monkeys (D:4)
  A bullfrog skeleton (D:4)
  2 hounds (D:4)
  An orc wizard (D:3)
  Natasha (thrice) (D:3)
  A worker ant (D:4)
  Robin (D:3)
  3 adders (D:3)
  2 adder skeletons (D:4)
  A worm (D:4)
  A dart slug (D:4)
  4 orcs (D:3)
  3 bats (D:3)
  8 hobgoblins
  8 jackals (D:3)
  A quokka (D:3)
  A ball python (D:1)
  2 frilled lizards
  6 goblins (D:3)
  A kobold (D:3)
  2 rats
55 creatures vanquished.

Notes
Turn   | Place    | Note
-------+----------+-------------------------------------------
     0 | D:1      | Kurtz the Mummy Chaos Knight began the quest for the Orb.
     0 | D:1      | Reached XP level 1. HP: 18/18 MP: 1/1
   474 | D:3      | Reached skill level 3 in Axes
   474 | D:3      | Reached XP level 2. HP: 24/24 MP: 2/2
   514 | D:3      | Reached XP level 3. HP: 21/29 MP: 3/3
   527 | D:3      | Noticed Natasha
   532 | D:3      | XOM: potion effect (heal wounds)
   546 | D:3      | Killed Natasha
   550 | D:3      | XOM: silly message
   616 | D:3      | XOM: harmless Erth miscast
   759 | D:3      | Noticed Natasha
   767 | D:3      | Killed Natasha
   767 | D:3      | Reached skill level 4 in Axes
   767 | D:3      | Reached XP level 4. HP: 24/35 MP: 4/4
   848 | D:3      | Noticed Natasha
   859 | D:3      | Killed Natasha
  1027 | D:3      | Reached XP level 5. HP: 33/41 MP: 5/5
  1168 | D:3      | XOM: stat loss: -1 Int (11/12)
  1411 | D:3      | Noticed Robin
  1416 | D:3      | Reached skill level 5 in Axes
  1428 | D:3      | Killed Robin
  1648 | D:3      | XOM: harmless Air miscast
  1751 | D:4      | XOM: mild Erth miscast
  1758 | D:4      | Reached XP level 6. HP: 30/47 MP: 6/6
  1837 | D:4      | XOM: silly message
  1846 | D:4      | XOM: 1-stop teleportation journey
  1852 | D:4      | Reached skill level 6 in Axes
  1886 | D:4      | XOM: summons 3 hostile demons
  1920 | D:4      | XOM: confusion (+ monsters)
  1999 | D:5      | Entered Level 5 of the Dungeon
  1999 | D:5      | Found a staircase to the Ecumenical Temple.
  1999 | D:5      | Noticed Pikel
  1999 | D:5      | Noticed a slave
  1999 | D:5      | Noticed a slave
  1999 | D:5      | Noticed a slave
  1999 | D:5      | Noticed a slave
  1999 | D:5      | Noticed Pikel
  1999 | D:5      | Pikel changed into Pikel the human
  1999 | D:5      | XOM: polymorph Pikel -> Pikel the human
  2001 | D:5      | XOM: cleaving
  2003 | D:5      | Noticed Edmund
  2003 | D:5      | Noticed an ice beast
  2004 | D:5      | Noticed a sky beast
  2005 | D:5      | XOM: enchant monster (bad)
  2008 | D:5      | XOM: scenery: create altars
  2009 | D:5      | XOM: 4-stop teleportation journey
  2348 | D:5      | Noticed Blork the orc
  2350 | D:5      | Quit the game

Levels and vault maps discovered:
D:1:      wander_arrival_estate, layout_basic, serial_curves, eino_curves_03,
          eino_curves_01
D:2:      layout_loops_cross
D:3:      layout_basic, first_ration, minmay_misc_feat_iff, uniq_natasha,
          uniq_robin
D:4:      wander_river, layout_rooms, nemelex_altar_shiori, portal_sewer_entry_f
D:5:      layout_cave_pools, lemuel_doored_altar, old_standard_altar,
          nicolae_overflow_crystal_walls, minmay_temple_entry_offerings,
          serial_shops, kennysheep_little_box,
          nicolae_dithmenos_through_a_glass_darkly, uniq_edmund,
          uniq_blork_the_orc, uniq_pikel
D:6:      layout_basic

Skill      XL: |  1  2  3  4  5  6 |
---------------+-------------------+-----
Axes           | 3 4 5 6 |  6.3
Fighting       | |  3.0
Armour         | |  1.5
Dodging        | |  0.7

Action                   |  1- 3 |  4- 6 || total
-------------------------+-------+-------++-------
Melee: Hand axe          |    63 |   173 ||   236
 Stab: Paralysed         |       |     2 ||     2
       Petrified         |       |     1 ||     1
Armor: Leather armour    |    21 |     9 ||    30
       Chain mail        |       |    84 ||    84
       Plate armour      |       |    59 ||    59
Dodge: Dodged            |    42 |    51 ||    93

Table legend:
 A = Non-vault XP
 B = Vault XP
 C = Vault XP percentage of total XP
 D = Non-vault monster count
 E = Vault monster count
 F = Vault count percentage of total count
                 A         B        C        D         E       F
            +---------+---------+-------+---------+---------+-------
      Total |     542 |      73 |  11.9 |      41 |      14 |  25.5
            +---------+---------+-------+---------+---------+-------
        D:1 |       5 |       0 |   0.0 |       4 |       0 |   0.0
        D:2 |       2 |       0 |   0.0 |       1 |       0 |   0.0
        D:3 |     191 |      73 |  27.7 |      25 |      14 |  35.9
        D:4 |     344 |       0 |   0.0 |      11 |       0 |   0.0
            +---------+---------+-------+---------+---------+-------
